Unix NetHack Version 3.7.0-102 Work-in-progress - last build Apr 6 2024 13:22:21 (d302a6a9ff6341f1a922d8f5af178406b35fdf99,branch:master). Game began 2024-05-02 16:45:26, ended 2024-05-03 13:08:39. farfar, chaotic male elven Wizard ---- --------- -------- |..| --..|..|.--- -<.....-- --..| ----- |..........--- *....---...| |...---.|.----............--- ------- ---.| |.........--...............| |.-- |.....................*...-- |..| --..............---..>....-- --.| --...........|.--- --.....-- |.---- |...........---- -- |..------- | |....-- |..........-| -- |.--..--..@....| ---#..-------------...........---...........------- #%.....................................-.- |....-----..----...----.----- -----........ --...| |..||....-- ------ .| --....d..- ----- ---..--.*..| -----..|--.| .........| ---..........#--.--...--.-- ..........- -............*............--.(.......... |....|..|....................--..--......- |..-------....%|........--....|-- --.|..-- --- ---.-----.--.--------- ------ --- ------ Farfar the Thaumaturge St:9 Dx:14 Co:14 In:20 Wi:13 Ch:10 Chaotic S:4163 Dlvl:6 $:301 HP:0(51) Pw:19(87) AC:6 Xp:7/873 T:3894 Burdened Latest messages: In what direction? The spell hits the giant spider! The giant spider bites! The giant spider bites! The little dog misses the gnome lord. The giant spider bites! You climb up the stairs. Really save? [yn] (n) Saving... Restoring save file... Hello farfar, the elven Wizard, welcome back to NetHack! # What do you want to dip? [a-gjkn-zBDEGHJ-U or ?*] What do you want to dip 7 throwing stars into? [fgoqyzHJ or ?*] Interesting... # What do you want to dip? [a-gjkn-zBDEGHJ-U or ?*] What do you want to dip 7 throwing stars into? [fgoqyzHJ or ?*] Interesting... # What do you want to dip? [a-gjkn-zBDEGHJ-U or ?*] What do you want to dip 7 throwing stars into? [fgoqyzHJ or ?*] Interesting... # What do you want to dip? [a-gjkn-zBDEGHJ-U or ?*] What do you want to dip 7 throwing stars into? [fgoqyzHJ or ?*] Interesting... # What do you want to dip? [a-gjkn-zBDEGHJ-U or ?*] What do you want to dip 7 throwing stars into? [fgoqyzHJ or ?*] Interesting... # What do you want to dip? [a-gjkn-zBDEGHJ-U or ?*] What do you want to dip 7 throwing stars into? [fgoqyzHJ or ?*] Interesting... The little dog is hit by a rock! You see here a dagger. h - a dagger. # What do you want to dip? [a-hjkn-zBDEGHJ-U or ?*] What do you want to dip a black gem into? [fgoqyzHJ or ?*] Interesting... KAABLAMM!!! You triggered a land mine! Your movements are slowed slightly because of your load. You die... Do you want your possessions identified? [ynq] (y) Do you want to see your attributes? [ynq] (y) Do you want an account of creatures vanquished? [ynaq] (y) Do you want to see your conduct and achievements? [ynq] (y) Do you want to see the dungeon overview? [ynq] (y) Inventory: Coins $ - 301 gold pieces Amulets t - an uncursed amulet of ESP (being worn) Weapons w - 7 cursed +0 shuriken h - a +0 dagger a - a blessed +1 quarterstaff (weapon in hands) Armor b - an uncursed burnt +0 cloak of magic resistance (being worn) P - an uncursed +0 dwarvish cloak m - an uncursed +0 studded leather armor (being worn) Comestibles p - 2 uncursed food rations G - 2 uncursed fortune cookies M - an uncursed lembas wafer Scrolls O - a blessed scroll of confuse monster K - an uncursed scroll of enchant armor k - an uncursed scroll of enchant weapon j - 2 uncursed scrolls of light Potions y - an uncursed potion of extra healing H - an uncursed potion of full healing g - an uncursed potion of gain ability q - an uncursed potion of gain energy z - an uncursed potion of monster detection J - an uncursed potion of paralysis o - an uncursed potion of sleeping f - an uncursed potion of speed Rings v - a cursed -1 ring of increase damage named cursed N - an uncursed ring of polymorph control e - an uncursed +1 ring of protection (on right hand) d - an uncursed ring of teleportation Wands r - a wand of digging (0:6) c - a wand of fire (0:2) B - a wand of lightning (0:3) u - a wand of magic missile named magic missile (0:4) x - a wand of secret door detection (0:11) Tools n - a magic marker (0:20) D - an uncursed mirror L - an uncursed partly used tallow candle s - an uncursed tin whistle Gems/Stones T - an uncursed worthless piece of black glass E - a cursed worthless piece of blue glass U - 3 uncursed worthless pieces of orange glass S - an uncursed worthless piece of red glass R - an uncursed worthless piece of white glass Q - an uncursed flint stone Farfar the Wizard's attributes: Background: You were a Thaumaturge, a level 7 male elven Wizard. You were chaotic, on a mission for Anhur who was opposed by Ptah (lawful) and Thoth (neutral). You were right-handed. You were in the Gnomish Mines, on level 6. You entered the dungeon 3894 turns ago. You had 873 experience points, 407 more were needed to attain level 8. Your score was 4163 before end-of-game adjustments. Basics: You had 0 out of 51 hit points. You had 19 out of 87 energy points (spell power). Your armor class was 6. Your wallet contained 301 zorkmids. Autopickup was off. Final Characteristics: Your strength was 9 (limit:18). Your dexterity was 14 (base:15, limit:18). Your constitution was 14 (limit:16). Your intelligence was 20 (limit:20). Your wisdom was 13 (limit:20). Your charisma was 10 (limit:18). Final Status: You had wounded legs. You weren't hungry. You were burdened; movement was slightly slowed. You were wielding a quarterstaff. You had basic skill with quarterstaff. Final Attributes: You were piously aligned. You were magic-protected. You were sleep resistant. You were telepathic. You had infravision. You had a small defense bonus (+1). You were guarded. You were unlucky. You are dead. Miscellaneous: You never encountered a bones level. Total elapsed playing time was 1 hour, 7 minutes and 9 seconds. Major events: Turn 1: farfar the chaotic male elven Wizard entered the dungeon 855: attained the rank of Conjurer (level 3) 1335: entered the Gnomish Mines 2870: attained the rank of Thaumaturge (level 6) 3894: killed by a land mine Vanquished creatures: a dingo a dwarf leader a raven 4 apes a wood nymph a water nymph an orc shaman 2 rock piercers 3 ponies 4 gnome leaders 2 elf zombies a giant ant a floating eye a kitten 3 dwarves a kobold leader a rothe a centipede a giant bat a dwarf zombie 5 iguanas 10 killer bees an acid blob 2 hobbits a manes a hobgoblin a giant rat a brown mold 2 yellow molds 15 gnomes 2 geckos 6 jackals a fox 2 kobolds 3 goblins 3 sewer rats 4 grid bugs 5 lichens 3 newts 100 creatures vanquished. No species were genocided or became extinct. Voluntary challenges: You read items or engraved 6 times. You never engraved Elbereth. You never genocided any monsters. You never polymorphed an object. You never changed form. You used no wishes. Achievements: You attained the rank of Conjurer. You entered the Gnomish Mines. You attained the rank of Thaumaturge. The Dungeons of Doom: levels 1 to 8 Level 1: A fountain. Level 2: Some fountains. Level 3: A fountain. Level 4: A fountain. Stairs down to The Gnomish Mines. Level 5: A fountain. Level 6: A fountain. Level 7: "some food rations far right" Some fountains. Level 8: The Gnomish Mines: levels 5 to 7 Level 5: Level 6: <- You were here. Final resting place for you, killed by a land mine. Level 7: Game over: ---------- / \ / REST \ / IN \ / PEACE \ / \ | farfar | | 301 Au | | killed by a land | | mine | | | | | | 2024 | *| * * * | * _________)/\\_//(\/(/\)/\//\/|_)_______ Goodbye farfar the Wizard... You died in The Gnomish Mines on dungeon level 6 with 4133 points, and 301 pieces of gold, after 3894 moves. You were level 7 with a maximum of 51 hit points when you died.